 Dungeon Crawl Stone Soup version 0.21.1-1-g345015f (webtiles) character file.

2102 yevrey the Gusty (level 9, -3/52 HPs)
             Began as a Tengu Air Elementalist on Mar 12, 2018.
             Was an Initiate of Vehumet.
             Slain by Joseph
             ... wielding a +0 quarterstaff
              (9 damage)
             ... on level 8 of the Dungeon.
             The game lasted 00:35:37 (10200 turns).

yevrey the Gusty (Tengu Air Elementalist)          Turns: 10200, Time: 00:35:38

Health: -3/52      AC:  4    Str: 12    XL:     9   Next: 28%
Magic:  0/26       EV: 14    Int: 15    God:    Vehumet [......]
Gold:   316        SH:  0    Dex: 15    Spells: 6/18 levels left

rFire    . . .     SeeInvis .   w - +4 rapier (speed)
rCold    . . .     Gourm    .   (no shield)
rNeg     . . .     Faith    .   C - +2 robe
rPois    +         Spirit   +   (helmet restricted)
rElec    .         Reflect  .   (no cloak)
rCorr    .         Harm     .   (no gloves)
MR       .....                  (boots unavailable)
Stlth    +++.......             n - amulet of guardian spirit
HPRegen  0.17/turn              m - ring of magical power
MPRegen  0.20/turn              u - ring of poison resistance

@: drained
A: beak, talons 3, able to fly 1
a: Fly, Renounce Religion


You were on level 8 of the Dungeon.
You worshipped Vehumet.
Vehumet was noncommittal.
You were not hungry.

You visited 1 branch of the dungeon, and saw 9 of its levels.

You collected 404 gold pieces.
You spent 88 gold pieces at shops.

Inventory:

Hand Weapons
 d - a +2 rapier of speed
 e - a +1 short sword of electrocution
 r - a +2 dagger of venom
 t - a +1 short sword of venom
 w - a +4 rapier of speed (weapon)
 z - a +0 shortbow
 H - a +4 great sword
Missiles
 i - 112 arrows
Armour
 C - a +2 robe (worn)
Jewellery
 g - an uncursed ring of resist corrosion
 m - a ring of magical power (left hand)
 n - an amulet of guardian spirit (around neck)
 u - a ring of poison resistance (right hand)
 D - a +5 ring of intelligence {unknown}
 E - an uncursed amulet of magic regeneration {unknown}
 G - a cursed amulet of inaccuracy {unknown}
Scrolls
 a - a scroll of random uselessness {unknown}
 f - a scroll of magic mapping {unknown}
 k - 2 scrolls of amnesia {unknown}
 q - 8 scrolls of remove curse
 x - 2 scrolls of noise
 A - a scroll of enchant armour {unknown}
 B - a scroll of immolation {unknown}
 I - a scroll of brand weapon {unknown}
Potions
 h - a potion of magic {unknown}
 l - a potion of flight
 o - a potion of haste {unknown}
 p - a potion of agility
 s - a potion of cancellation {unknown}
 v - a potion of degeneration {unknown}
 F - a potion of invisibility {unknown}
Books
 b - a book of Air

   Spells                             Type                      Level
   a - Shock                          Conjuration/Air              1
   b - Swiftness                      Charms/Air                   2
   c - Static Discharge               Conjuration/Air              3
   d - Airstrike                      Air                          4
   e - Lightning Bolt                 Conjuration/Air              5
 y - a book of Conjurations

   Spells                             Type                      Level
   a - Magic Dart                     Conjuration                  1
   b - Searing Ray                    Conjuration                  2
   c - Dazzling Spray                 Conjuration/Hexes            3
   d - Fulminant Prism                Conjuration/Hexes            4
   e - Force Lance                    Conjuration/Translocation    4
   f - Iskenderun's Mystic Blast      Conjuration                  4
Comestibles
 c - 6 rations
 j - 4 chunks of flesh


   Skills:
 + Level 4.1(3.2) Fighting
 - Level 6.1(5.1) Short Blades
 + Level 4.5(3.6) Dodging
 + Level 4.8(3.8) Stealth
 + Level 3.4(2.5) Unarmed Combat
 * Level 5.0(4.1) Spellcasting
 + Level 2.7(1.8) Conjurations
 + Level 6.7(5.7) Air Magic


You had 6 spell levels left.
You knew the following spells:

 Your Spells              Type           Power        Failure   Level  Hunger
a - Shock                 Conj/Air       ##..         3%          1    None
b - Swiftness             Chrm/Air       ##......     9%          2    ##.....
c - Static Discharge      Conj/Air       ##......     11%         3    ###....
d - Airstrike             Air            ###.......   17%         4    ####...
e - Searing Ray           Conj           #.....       13%         2    ##.....


Dungeon Overview and Level Annotations

Branches:
Dungeon (9/15)             Temple (0/1) D:5
   Lair: D:8-11         Orc: D:9-12

Altars:
Ashenzari
Hepliaklqana
Makhleb
Okawaru
Qazlal
Sif Muna
Uskayaw
Vehumet
Wu Jian
Xom
Yredelemnul
The Shining One

Shops:
D:5 [   D:6 ?

Annotations:
D:5 jeepacus's ghost, novice HaHu
D:8 Joseph


Innate Abilities, Weirdness & Mutations

You have a beak for a mouth.
You have claws for feet.
You can fly.


Message History

Joseph is severely wounded.
The lightning arcs!
You are struck by lightning.
* * * LOW HITPOINT WARNING * * *
The lightning grounds out.
Joseph hits you but does no damage.
Casting: Static Discharge
Confirm with . or Enter, or press ? or * to list all spells.
You don't have enough magic to cast that spell.
You hit Joseph. You claw Joseph.
Joseph is almost dead.
You hit Joseph but do no damage. Your kick misses Joseph.
Your peck misses Joseph.
Joseph is almost dead.
Joseph says, "You will never get the ORB, sorry."
Joseph barely misses you.
You barely miss Joseph. You peck Joseph, but do no damage.
Joseph is almost dead.
You hit Joseph.
Joseph is almost dead.
Joseph hits you with an uncursed quarterstaff!
You die...

.. .. #..# ..####+###
#..# #.... .........#
...## #....
.........# ...# #....
.........# ... #....
.........##### #.#
#....
..#'###....#.###@####
#.... .
#...#....#....@...+
#....
#...#....#........#
#....
#...#....#........#
#....
#...#....'..(((...#
#....
#'###....##########
#....
#...#...........#
#....
#...#...........#
#รท...
#...'...........#
#....
#..##...........#####
#....


You could see Joseph.

Vanquished Creatures
  Grinder (D:3)
  An ice beast (D:5)
  2 orc warriors
  2 sky beasts
  An ogre (D:8)
  2 phantoms
  2 centaurs
  2 bullfrogs (D:6)
  A wyvern skeleton (D:6)
  A water moccasin skeleton (D:6)
  A killer bee (D:7)
  3 wights
  A crimson imp (D:7)
  A bullfrog skeleton (D:7)
  3 hounds
  2 orc priests
  A gnoll shaman (D:4)
  An iguana (D:4)
  3 orc wizards
  3 worker ants
  A hound zombie (D:7)
  A howler monkey zombie (D:7)
  7 adders
  4 gnolls
  A shadow imp (D:5)
  2 oozes
  An adder skeleton (D:4)
  3 dart slugs
  3 leopard geckos
  8 orcs
  6 giant cockroaches
  4 goblins
  8 hobgoblins
  3 jackals (D:7)
  A quokka (D:3)
  6 bats
  4 frilled lizards
  7 kobolds
  10 rats
  A spectral orc (D:2)
115 creatures vanquished.

Notes
Turn   | Place    | Note
-------+----------+-------------------------------------------
     0 | D:1      | yevrey the Tengu Air Elementalist began the quest for the Orb.
     0 | D:1      | Reached XP level 1. HP: 10/10 MP: 4/4
   124 | D:1      | Reached XP level 2. HP: 15/15 MP: 6/6
   140 | D:1      | Learned a level 2 spell: Swiftness
   161 | D:1      | Reached skill level 1 in Unarmed Combat
   719 | D:1      | Reached XP level 3. HP: 19/19 MP: 7/7
  1081 | D:2      | Learned a level 3 spell: Static Discharge
  1266 | D:3      | Reached skill level 5 in Air Magic
  1320 | D:2      | Found a shattered altar of Ashenzari.
  1321 | D:2      | Found a burning altar of Makhleb.
  1321 | D:2      | Found an ornate altar of the Wu Jian Council.
  1321 | D:2      | Found a hide-covered altar of Uskayaw.
  1363 | D:2      | Reached XP level 4. HP: 21/24 MP: 8/8
  1572 | D:2      | Found a basalt altar of Yredelemnul.
  1775 | D:3      | Noticed Grinder
  1798 | D:3      | Killed Grinder
  1798 | D:3      | Reached skill level 1 in Fighting
  1798 | D:3      | Gained mutation: You can fly. [Tengu growth]
  1798 | D:3      | Reached XP level 5. HP: 22/29 MP: 3/10
  1798 | D:3      | Reached XP level 6. HP: 26/34 MP: 3/11
  2105 | D:3      | Found a radiant altar of Vehumet.
  2118 | D:3      | Became a worshipper of Vehumet
  2411 | D:5      | Entered Level 5 of the Dungeon
  2412 | D:5      | Found a staircase to the Ecumenical Temple.
  2523 | D:4      | Found a hazy altar of Hepliaklqana.
  3061 | D:4      | Noticed a phantom
  3084 | D:4      | Killed a phantom
  3084 | D:4      | Reached XP level 7. HP: 24/40 MP: 11/12
  3104 | D:4      | Learned a level 4 spell: Airstrike
  3546 | D:4      | Learned a level 2 spell: Searing Ray
  4042 | D:5      | Noticed jeepacus's ghost (novice HaHu)
  4513 | D:5      | Found Ceprepn's Antique Armour Shoppe.
  4559 | D:6      | Reached skill level 5 in Short Blades
  4565 | D:6      | Reached XP level 8. HP: 16/45 MP: 7/14
  4791 | D:5      | Bought a glowing robe for 88 gold pieces
  4900 | D:5      | Found an iron altar of Okawaru.
  5931 | D:6      | Found a deep blue altar of Sif Muna.
  5931 | D:6      | Found a faded altar of an unknown god.
  5936 | D:6      | Found a shimmering altar of Xom.
  5938 | D:6      | Found a stormy altar of Qazlal.
  5940 | D:6      | Found a faded altar of an unknown god.
  6412 | D:6      | Found Teasadd's Magic Scroll Emporium.
  7287 | D:7      | Reached XP level 9. HP: 51/51 MP: 16/16
  8839 | D:7      | Found a glowing golden altar of the Shining One.
 10081 | D:8      | Reached skill level 5 in Spellcasting
 10177 | D:8      | Noticed Joseph
 10200 | D:8      | Slain by Joseph

Skill      XL: |  1  2  3  4  5  6  7  8  9 |
---------------+----------------------------+-----
Unarmed Combat | 1 2 3 |  3.4
Air Magic      | 5 6 |  6.7
Fighting       | 1 2 3 4 |  4.1
Short Blades   | 2 4 5 6 |  6.1
Conjurations   | 2 |  2.7
Spellcasting   | 3 4 5 |  5.0
Dodging        | 3 4 |  4.5
Stealth        | 4 |  4.8

Action                   |  1- 3 |  4- 6 |  7- 9 || total
-------------------------+-------+-------+-------++-------
Melee: Unarmed           |    49 |       |       ||    49
       Kick              |    23 |    14 |    54 ||    91
       Peck              |    10 |     7 |    41 ||    58
       Short sword       |    37 |    40 |       ||    77
       Rapier            |       |    22 |   248 ||   270
       Punch             |       |     1 |     4 ||     5
 Cast: Shock             |       |    13 |    19 ||    32
       Swiftness         |       |     2 |     5 ||     7
       Searing Ray       |       |       |     2 ||     2
       Static Discharge  |       |       |     1 ||     1
  Use: Scroll            |       |     6 |     1 ||     7
       Potion            |       |       |     6 ||     6
 Stab: Sleeping          |     5 |     1 |     2 ||     8
       Distracted        |       |       |     1 ||     1
  Eat: Chunk             |     1 |     5 |     1 ||     7
       Ration            |       |     1 |     6 ||     7
Armor: Robe              |    13 |    10 |    33 ||    56
Dodge: Dodged            |    58 |    43 |   178 ||   279
